 Dungeon Crawl Stone Soup version 0.20.1-1-g8b1a95d (webtiles) character file.

226 letownia2 the Grave Robber (level 5, 23/49 HPs)
             Began as a Deep Dwarf Necromancer on Nov 28, 2017.
             Was an Initiate of Gozag.
             Quit the game in an ossuary.
             The game lasted 00:08:01 (1838 turns).

letownia2 the Grave Robber (Deep Dwarf Necromancer) Turns: 1838, Time: 00:08:02

Health: 23/49      AC:  4    Str: 10 (11) XL:     5   Next: 69%
Magic:  9/9        EV: 11    Int: 14 (17) God:    Gozag
Gold:   308        SH:  0    Dex:  9 (10) Spells: 2/10 levels left

rFire    . . .     SeeInvis .   a - +1 dagger
rCold    . . .     Gourm    .   (no shield)
rNeg     . . .     Faith    .   i - +1 leather armour
rPois    .         Spirit   .   (no helmet)
rElec    .         Reflect  .   (no cloak)
rCorr    .         Harm     .   (no gloves)
MR       .....                  (no boots)
Stlth    ++........             n - amulet of regeneration
Regen    0.0/turn               p - -3 ring of dexterity
MPRegen  0.2/turn               m - ring of wizardry

@: non-regenerating
A: damage resistance, heal wounds, sense surroundings 1, no regeneration
a: Heal Wounds, Potion Petition, Call Merchant, Bribe Branch, Renounce Religion


You were in an ossuary.
You worshipped Gozag.
Gozag was aware of your devotion.
You were not hungry.

You visited 2 branches of the dungeon, and saw 5 of its levels.
You also visited: Ossuary.

You collected 367 gold pieces.
You paid 59 gold pieces to Gozag.

Inventory:

Hand Weapons
 a - a +1 dagger (weapon)
Armour
 e - a +0 robe
 i - a +1 leather armour (worn)
Jewellery
 h - an uncursed ring of resist corrosion
 k - an uncursed ring of ice
 m - a ring of wizardry (right hand)
 n - an amulet of regeneration (around neck)
 p - a -3 ring of dexterity (left hand)
Scrolls
 c - a scroll of remove curse
 f - a scroll of fear
 g - a scroll of identify
 r - a scroll of enchant weapon
Potions
 j - a potion of might
 l - 2 potions of heal wounds
 s - a potion of curing {unknown}
 t - a potion of brilliance {unknown}
Books
 b - a book of Necromancy

   Spells                             Type                      Level
   a - Pain                           Necromancy                   1
   b - Animate Skeleton               Necromancy                   1
   c - Vampiric Draining              Necromancy                   3
   d - Regeneration                   Charms/Necromancy            3
   e - Animate Dead                   Necromancy                   4
   f - Control Undead                 Necromancy                   4


   Skills:
 + Level 3.2 Fighting
 - Level 1.1 Short Blades
 - Level 2.1 Dodging
 - Level 2.4 Stealth
 - Level 3.0 Spellcasting
 - Level 5.1 Necromancy


You had 2 spell levels left.
You knew the following spells:

 Your Spells              Type           Power        Failure   Level  Hunger
a - Pain                  Necr           ###.         1%          1    #......
d - Control Undead        Necr           ###.......   14%         4    #####..
v - Vampiric Draining     Necr           ###.......   4%          3    ###....


Dungeon Overview and Level Annotations

Branches:
Dungeon (4/15)             Temple (1/1) D:4

Altars:
Ashenzari
Cheibriados
Dithmenos
Fedhas
Gozag
Makhleb
Nemelex Xobeh
Qazlal
Ru
Vehumet
Yredelemnul
Zin


Innate Abilities, Weirdness & Mutations

You are resistant to damage.
You can heal yourself by infusing magical energy.
You passively map a small area around you.
You do not regenerate.


Message History

As you read the scroll labeled CAUHON LAUN, it crumbles to dust.
It is a scroll of identify.
l - 2 potions of heal wounds
As you read the scroll labeled AVEUS LEUTS, it crumbles to dust.
You assume a fearsome visage.
The elf zombie is unaffected.
It was a scroll of fear.
Your surroundings suddenly seem different.
As you read the scroll labeled KONOMU DEDI, it crumbles to dust.
It is a scroll of enchant armour.
Your +0 leather armour glows green for a moment.
As you read the scroll labeled ELELI HOARIEN, it crumbles to dust.
You feel as if something is helping you.
It was a scroll of remove curse.
Put on which piece of jewellery? (? for menu, Esc to quit)
Okay, then.
Quiver which item? (- for none, * to show all) (? for menu, Esc to quit)
Okay, then.
Put on which piece of jewellery? (? for menu, Esc to quit)
Okay, then.
Are you sure you want to abandon this character and quit the game? (Confirm with "yes".)

#...#....#.......#...#
#...#.#..#.......#...#
#...#.####.......#...#
#...#............#...#
#...#.####..####.#...#
#...#.#..#..#..#.#...#
#...#....#..#....#...#
#...######..######...#
#......@Z............#
#........8..8........#
#....................#
#....................#
######################


You could see an elf zombie (wandering).

Vanquished Creatures
  A scorpion (D:4)
  A hound (D:4)
  A worker ant (D:4)
  A big kobold zombie (Ossuary)
  2 mummies (Ossuary)
  A gnoll (D:4)
  3 adders
  An orc (D:3)
  2 bats (D:2)
  A goblin (D:1)
  3 hobgoblins
  A kobold (D:2)
  3 frilled lizards
  2 goblin zombies (Ossuary)
  10 hobgoblin zombies (Ossuary)
  A jackal skeleton (D:4)
  3 jackal zombies (Ossuary)
  10 kobold zombies (Ossuary)
  7 orc zombies (Ossuary)
  A quokka skeleton (D:4)
  2 rats
  2 rat zombies (Ossuary)
59 creatures vanquished.

Notes
Turn   | Place    | Note
-------+----------+-------------------------------------------
     0 | D:1      | letownia2 the Deep Dwarf Necromancer began the quest for the Orb.
     0 | D:1      | Reached XP level 1. HP: 15/15 MP: 3/3
   460 | D:2      | Reached XP level 2. HP: 19/22 MP: 1/5
   597 | D:3      | Reached skill level 5 in Necromancy
   702 | D:4      | Reached skill level 1 in Fighting
   702 | D:4      | Reached XP level 3. HP: 21/32 MP: 1/6
   707 | D:4      | Learned a level 3 spell: Vampiric Draining
   720 | D:4      | Found a sand-covered staircase.
   836 | D:4      | Reached XP level 4. HP: 33/40 MP: 1/7
   876 | D:4      | Found a shattered altar of Ashenzari.
   885 | D:4      | Found a staircase to the Ecumenical Temple.
   891 | Temple   | Entered the Ecumenical Temple
   911 | Temple   | Became a worshipper of Gozag Ym Sagoz the Greedy
  1052 | D:4      | Reached XP level 5. HP: 32/46 MP: 0/9
  1167 | Ossuary  | Entered an ossuary
  1337 | Ossuary  | Learned a level 4 spell: Control Undead
  1608 | Ossuary  | HP: 2/46 [mummy (5)]
  1609 | Ossuary  | Reached skill level 1 in Short Blades
  1838 | Ossuary  | Quit the game

Skill      XL: |  1  2  3  4  5 |
---------------+----------------+-----
Spellcasting   | 2 3 |  3.0
Necromancy     | 5 |  5.1
Fighting       | 1 2 3 |  3.2
Short Blades   | 1 |  1.1
Dodging        | |  2.1
Stealth        | |  2.4

Action                   |  1- 3 |  4- 6 || total
-------------------------+-------+-------++-------
Melee: Dagger            |     7 |   192 ||   199
Throw: Throwing net      |       |     2 ||     2
 Cast: Pain              |    32 |    15 ||    47
       Vampiric Draining |     2 |     4 ||     6
Invok: Potion Petition   |       |     1 ||     1
  Use: Scroll            |       |     7 ||     7
       Potion            |       |     2 ||     2
  Eat: Chunk             |       |     1 ||     1
       Bread ration      |       |     1 ||     1
Armor: Leather armour    |     8 |    33 ||    41
Dodge: Dodged            |     9 |    91 ||   100
